TOP OF THE 1ST |
Gresham Gold Souls batting - Pitching for Santa Monica Bruins : RHP Duane Carlson
|
Pitching: RHP Duane Carlson
|
|
Batting: SHB Todd Smith
|
0-0: Called Strike 0-1: Ball 1-1: Ground out U3 (Groundball, 3L)
|
Batting: RHB Brian Dixon
|
0-0: Fly out, F8 (Flyball, 8RD)
|
Batting: LHB Millard Dye
|
0-0: Ball 1-0: Fly out, F7 (Flyball, 7LM)
|
Top of the 1st over - 0 run(s), 0 hit(s), 0 error(s), 0 left on base; Gresham 0 - Santa Monica 0 |
BOTTOM OF THE 1ST |
Santa Monica Bruins batting - Pitching for Gresham Gold Souls : RHP José González
|
Pitching: RHP José González
|
|
Batting: LHB Francisco Medina
|
0-0: Foul Ball, location: 2F 0-1: Ball 1-1: Foul Ball, location: 2F 1-2: Foul Ball, location: 2F 1-2: Ball 2-2: Ball 3-2: Base on Balls
|
Batting: RHB Phil White
|
0-0: Called Strike 0-1: Ball 1-1: SINGLE (Groundball, 6D) Francisco Medina to second
|
Batting: LHB Morgan Wright
|
0-0: Ball 1-0: Called Strike 1-1: Ball 2-1: Swinging Strike 2-2: Strikes out looking
|
Batting: RHB Mario Beltrán
|
0-0: Ball 1-0: Called Strike 1-1: Ball 2-1: Foul Ball, location: 2F 2-2: Ball 3-2: SINGLE (Line Drive, 4D) Francisco Medina to third Phil White to second Runner from 3rd tries for Home, SAFE, no throw
|
Batting: RHB Salvador Salas
|
0-0: Called Strike Mario Beltrán steals 2nd base Phil White to third 0-1: Ball 1-1: Fly out, F7 (Flyball, 78XD) Runner from 3rd tags up, SCORES, no throw
|
Batting: RHB Johnny Williams
|
0-0: Ball 1-0: TRIPLE (Flyball, 8RXD) Mario Beltrán scores
|
Batting: RHB Shizue Chouda
|
0-0: Ball 1-0: Ball 2-0: Ball 3-0: Base on Balls
|
Batting: LHB Ramiro Martínez
|
0-0: Called Strike 0-1: Ball Wild Pitch! Johnny Williams scores Shizue Chouda to second 1-1: Ball 2-1: Ball 3-1: Foul Ball, location: 2F 3-2: Foul Ball, location: 2F 3-2: Foul Ball, location: 2F 3-2: Fly out, F9 (Flyball, 9S)
|
Bottom of the 1st over - 4 run(s), 3 hit(s), 0 error(s), 1 left on base; Gresham 0 - Santa Monica 4 |
TOP OF THE 2ND |
Gresham Gold Souls batting - Pitching for Santa Monica Bruins : RHP Duane Carlson
|
Batting: RHB Mario Méndez
|
0-0: Called Strike 0-1: Ball 1-1: Ball 2-1: Ball 3-1: SINGLE (Groundball, 6MD)
|
Batting: LHB Bill Smith
|
0-0: Ball 1-0: Called Strike 1-1: Ball 2-1: Ball 3-1: Foul Ball, location: 2F 3-2: Strikes out looking
|
Batting: RHB Matt Davidson
|
0-0: Called Strike 0-1: Fly out, F9 (Flyball, 89S)
|
Batting: RHB Elpidio Martinho
|
0-0: Called Strike 0-1: Ball 1-1: Foul Ball, location: 2F 1-2: Fielders Choice at 2nd, 6-4 (Groundball, 6)
|
Top of the 2nd over - 0 run(s), 1 hit(s), 0 error(s), 0 left on base; Gresham 0 - Santa Monica 4 |
BOTTOM OF THE 2ND |
Santa Monica Bruins batting - Pitching for Gresham Gold Souls : RHP José González
|
Batting: RHB Ernest Russell
|
0-0: Ball 1-0: Foul Ball, location: 2F 1-1: Called Strike 1-2: Foul Ball, location: 2F 1-2: Foul Ball, location: 2F 1-2: SINGLE (Groundball, 56D)
|
Batting: LHB Francisco Medina
|
0-0: Ball 1-0: Fly out, F9 (Flyball, 89S)
|
Batting: RHB Phil White
|
0-0: Ball 1-0: Ball 2-0: Foul Ball, location: 2F 2-1: Ball Wild Pitch! Ernest Russell to second 3-1: Called Strike 3-2: Base on Balls
|
Batting: LHB Morgan Wright
|
0-0: Ball 1-0: DOUBLE (Groundball, 3L) Ernest Russell scores Phil White to third
|
Batting: RHB Mario Beltrán
|
0-0: Ball 1-0: Called Strike 1-1: Ball 2-1: Foul Ball, location: 2F 2-2: Ball 3-2: SINGLE (Line Drive, 4MD) Phil White scores Morgan Wright to third
|
Pitching: RHP Tim Cameron
|
|
Batting: RHB Salvador Salas
|
0-0: Called Strike 0-1: Called Strike 0-2: SINGLE (Flyball, 78S) Morgan Wright scores Mario Beltrán to second
|
Batting: RHB Johnny Williams
|
0-0: Foul Ball, location: 2F 0-1: Ball 1-1: Fielders Choice at 2nd, 5-4 (Groundball, 56) Mario Beltrán to third
|
Batting: RHB Shizue Chouda
|
0-0: Called Strike 0-1: Foul Ball, location: 2F 0-2: Strikes out swinging
|
Bottom of the 2nd over - 3 run(s), 4 hit(s), 0 error(s), 2 left on base; Gresham 0 - Santa Monica 7 |
TOP OF THE 3RD |
Gresham Gold Souls batting - Pitching for Santa Monica Bruins : RHP Duane Carlson
|
Batting: RHB Willie Houk
|
0-0: Foul Ball, location: 2F 0-1: Ball 1-1: Fly out, F5 (Line Drive, 5)
|
Batting: RHB Rob Bailey
|
0-0: DOUBLE (Line Drive, 9)
|
Batting: SHB Todd Smith
|
0-0: Ball Throwing error on steal attempt, E2 Rob Bailey scores 1-0: Called Strike 1-1: Swinging Strike 1-2: Ball 2-2: Foul Ball, location: 2F 2-2: Ground out U3 (Groundball, 3L)
|
Batting: RHB Brian Dixon
|
0-0: Ball 1-0: Ball 2-0: Called Strike 2-1: Ball 3-1: Base on Balls
|
Batting: LHB Millard Dye
|
0-0: Ball 1-0: Ball 2-0: SINGLE (Groundball, 6MD) Brian Dixon to second
|
Batting: RHB Mario Méndez
|
0-0: Ball 1-0: Fielders Choice at 2nd, 6-4 (Groundball, 56)
|
Top of the 3rd over - 1 run(s), 2 hit(s), 1 error(s), 1 left on base; Gresham 1 - Santa Monica 7 |
BOTTOM OF THE 3RD |
Santa Monica Bruins batting - Pitching for Gresham Gold Souls : RHP Tim Cameron
|
Batting: LHB Ramiro Martínez
|
0-0: Ball 1-0: Ball 2-0: Foul Ball, location: 2F 2-1: Fly out, F8 (Flyball, 8LS)
|
Batting: RHB Ernest Russell
|
0-0: Ball 1-0: Ground out 6-3 (Groundball, 6)
|
Batting: LHB Francisco Medina
|
0-0: Foul Ball, location: 2F 0-1: Fly out, F7 (Flyball, 7LS)
|
Bottom of the 3rd over - 0 run(s), 0 hit(s), 0 error(s), 0 left on base; Gresham 1 - Santa Monica 7 |
TOP OF THE 4TH |
Gresham Gold Souls batting - Pitching for Santa Monica Bruins : RHP Duane Carlson
|
Batting: LHB Bill Smith
|
0-0: Ball 1-0: Ball 2-0: Foul Ball, location: 2F 2-1: Ball 3-1: Called Strike 3-2: SOLO HOME RUN (Flyball, 9D), Distance : 369 ft
|
Batting: RHB Matt Davidson
|
0-0: Ball 1-0: Ball 2-0: Called Strike 2-1: Called Strike 2-2: Foul Ball, location: 2F 2-2: Ball 3-2: Foul Ball, location: 2F 3-2: Reached on error, E5 (Groundball, 5)
|
Batting: RHB Elpidio Martinho
|
0-0: Fly out, F8 (Flyball, 8RM)
|
Batting: RHB Willie Houk
|
0-0: Foul Ball, location: 2F 0-1: Foul Ball, location: 2F 0-2: Fly out, F3 (Popup, 3S)
|
Batting: RHB Rob Bailey
|
0-0: Ball 1-0: Fielders Choice at 2nd, U4 (Groundball, 4M)
|
Top of the 4th over - 1 run(s), 1 hit(s), 1 error(s), 1 left on base; Gresham 2 - Santa Monica 7 |
BOTTOM OF THE 4TH |
Santa Monica Bruins batting - Pitching for Gresham Gold Souls : RHP Tim Cameron
|
Batting: RHB Phil White
|
0-0: Ball 1-0: Ball 2-0: Called Strike 2-1: Ball 3-1: Foul Ball, location: 2F 3-2: SINGLE (Groundball, 56D)
|
Batting: LHB Morgan Wright
|
0-0: Swinging Strike 0-1: Foul Ball, location: 2F 0-2: Ball Wild Pitch! Phil White to second 1-2: SINGLE (Groundball, 34D) Phil White to third
|
Batting: RHB Mario Beltrán
|
0-0: Ball 1-0: Fly out, F8 (Flyball, 8LD) Runner from 3rd tags up, SCORES, no throw
|
Batting: RHB Salvador Salas
|
0-0: Called Strike 0-1: Foul Ball, location: 2F 0-2: Fly out, F7 (Flyball, 78D)
|
Batting: RHB Johnny Williams
|
0-0: Called Strike 0-1: Ball 1-1: Reached on error, E6 (Groundball, 56) Morgan Wright to second
|
Batting: RHB Shizue Chouda
|
0-0: Foul Ball, location: 2F 0-1: Foul Ball, location: 2F 0-2: SINGLE (Line Drive, 89S) Morgan Wright to third Johnny Williams to second Runner from 3rd tries for Home, SAFE, throw made home
|
Batting: LHB Ramiro Martínez
|
0-0: Ball 1-0: Swinging Strike 1-1: Fly out, F3 (Flyball, 3D)
|
Bottom of the 4th over - 2 run(s), 3 hit(s), 1 error(s), 2 left on base; Gresham 2 - Santa Monica 9 |
TOP OF THE 5TH |
Gresham Gold Souls batting - Pitching for Santa Monica Bruins : RHP Duane Carlson
|
Batting: SHB Todd Smith
|
0-0: Ball 1-0: Called Strike 1-1: Foul Ball, location: 2F 1-2: Fly out, F8 (Flyball, 8RD)
|
Batting: RHB Brian Dixon
|
0-0: Called Strike 0-1: Swinging Strike 0-2: Ball 1-2: Foul Ball, location: 2F 1-2: Ball 2-2: Strikes out swinging
|
Batting: LHB Millard Dye
|
0-0: Called Strike 0-1: Called Strike 0-2: SINGLE (Flyball, 7LM)
|
Batting: RHB Mario Méndez
|
0-0: Ball 1-0: Swinging Strike 1-1: SINGLE (Groundball, 6D) Millard Dye to second
|
Batting: LHB Bill Smith
|
0-0: Fielders Choice at 2nd, 4-6 (Groundball, 4)
|
Top of the 5th over - 0 run(s), 2 hit(s), 0 error(s), 1 left on base; Gresham 2 - Santa Monica 9 |
BOTTOM OF THE 5TH |
Santa Monica Bruins batting - Pitching for Gresham Gold Souls : RHP Tim Cameron
|
Batting: RHB Ernest Russell
|
0-0: Ball 1-0: Ball 2-0: SINGLE (Groundball, 34) (infield hit)
|
Batting: LHB Francisco Medina
|
0-0: Ball 1-0: Ball 2-0: Foul Ball, location: 2F 2-1: Called Strike 2-2: Foul Ball, location: 2F 2-2: Fly out, F9 (Flyball, 9LM)
|
Batting: RHB Phil White
|
0-0: Ball Ernest Russell steals 2nd base 1-0: Foul Ball, location: 2F 1-1: Called Strike 1-2: Ball 2-2: Foul Ball, location: 2F 2-2: Ball 3-2: Strikes out swinging
|
Batting: LHB Morgan Wright
|
0-0: Ball 1-0: Ball 2-0: Foul Ball, location: 2F 2-1: Ball 3-1: Swinging Strike 3-2: Fly out, F7 (Flyball, 7LM)
|
Bottom of the 5th over - 0 run(s), 1 hit(s), 0 error(s), 1 left on base; Gresham 2 - Santa Monica 9 |
TOP OF THE 6TH |
Gresham Gold Souls batting - Pitching for Santa Monica Bruins : RHP Duane Carlson
|
Batting: RHB Matt Davidson
|
0-0: SINGLE (Groundball, 3D)
|
Batting: RHB Elpidio Martinho
|
0-0: Called Strike 0-1: Fly out, F4 (Popup, 4S)
|
Batting: RHB Willie Houk
|
0-0: Ball 1-0: Foul Ball, location: 2F 1-1: Ball 2-1: Swinging Strike 2-2: Ball 3-2: Strikes out swinging
|
Batting: RHB Rob Bailey
|
0-0: Called Strike 0-1: Fly out, F7 (Flyball, 78M)
|
Top of the 6th over - 0 run(s), 1 hit(s), 0 error(s), 1 left on base; Gresham 2 - Santa Monica 9 |
BOTTOM OF THE 6TH |
Santa Monica Bruins batting - Pitching for Gresham Gold Souls : RHP Tim Cameron
|
Batting: RHB Mario Beltrán
|
0-0: Foul Ball, location: 2F 0-1: Foul Ball, location: 2F 0-2: Foul Ball, location: 2F 0-2: Ground out 1-3 (Groundball, P)
|
Batting: RHB Salvador Salas
|
0-0: Swinging Strike 0-1: Ball 1-1: Ball 2-1: SOLO HOME RUN (Flyball, 78XD), Distance : 402 ft
|
Pitching: LHP Shawn Taylor
|
|
Batting: RHB Johnny Williams
|
0-0: Ball 1-0: Foul Ball, location: 2F 1-1: Swinging Strike 1-2: Strikes out swinging
|
Batting: RHB Shizue Chouda
|
0-0: Foul Ball, location: 2F 0-1: Ball 1-1: Ball 2-1: Ball 3-1: Base on Balls
|
Batting: LHB Ramiro Martínez
|
0-0: Ball 1-0: Ball 2-0: Ball 3-0: Base on Balls Shizue Chouda to second
|
Batting: RHB Ernest Russell
|
0-0: Swinging Strike 0-1: SINGLE (Flyball, 78S) Shizue Chouda to third Ramiro Martínez to second Runner from 3rd tries for Home, SAFE, no throw
|
Batting: LHB Francisco Medina
|
0-0: Called Strike 0-1: Ball 1-1: Fly out, F7 (Flyball, 78S)
|
Bottom of the 6th over - 2 run(s), 2 hit(s), 0 error(s), 2 left on base; Gresham 2 - Santa Monica 11 |
TOP OF THE 7TH |
Gresham Gold Souls batting - Pitching for Santa Monica Bruins : RHP Duane Carlson
|
Batting: SHB Todd Smith
|
0-0: Ball 1-0: Ball 2-0: Ball 3-0: Called Strike 3-1: SINGLE (Flyball, 6MD)
|
Batting: RHB Brian Dixon
|
0-0: Ball 1-0: Ball 2-0: Called Strike 2-1: Grounds into double play, 4-6-3 (Groundball, 4)
|
Batting: LHB Millard Dye
|
0-0: Ball 1-0: Called Strike 1-1: Ball 2-1: Ball 3-1: Foul Ball, location: 2F 3-2: Strikes out looking
|
Top of the 7th over - 0 run(s), 1 hit(s), 0 error(s), 0 left on base; Gresham 2 - Santa Monica 11 |
BOTTOM OF THE 7TH |
Santa Monica Bruins batting - Pitching for Gresham Gold Souls : LHP Shawn Taylor
|
Batting: RHB Phil White
|
0-0: Ball 1-0: Swinging Strike 1-1: Foul Ball, location: 2F 1-2: Foul Ball, location: 2F 1-2: Foul Ball, location: 2F 1-2: Ball 2-2: Strikes out swinging
|
Batting: LHB Morgan Wright
|
0-0: Called Strike 0-1: Foul Ball, location: 2F 0-2: Foul Ball, location: 2F 0-2: Ground out 1-3 (Groundball, 13S)
|
Batting: RHB Mario Beltrán
|
0-0: Foul Ball, location: 2F 0-1: Ball 1-1: DOUBLE (Line Drive, 9D)
|
Batting: RHB Salvador Salas
|
0-0: Ball 1-0: Ball 2-0: 2-RUN HOME RUN (Flyball, 78XD), Distance : 420 ft
|
Batting: RHB Johnny Williams
|
0-0: Foul Ball, location: 2F 0-1: Ground out 6-3 (Groundball, 6M)
|
Bottom of the 7th over - 2 run(s), 2 hit(s), 0 error(s), 0 left on base; Gresham 2 - Santa Monica 13 |
TOP OF THE 8TH |
Gresham Gold Souls batting - Pitching for Santa Monica Bruins : RHP Duane Carlson
|
Pitching: RHP Keith Harper
|
|
Now in LF: Francisco Castillo
|
|
Batting: RHB Mario Méndez
|
0-0: Ball 1-0: Ball 2-0: Ball 3-0: Base on Balls
|
Batting: LHB Bill Smith
|
0-0: Called Strike 0-1: Called Strike 0-2: Ball 1-2: Foul Ball, location: 2F 1-2: Strikes out swinging
|
Batting: RHB Matt Davidson
|
0-0: Called Strike 0-1: Foul Ball, location: 2F 0-2: Strikes out swinging
|
Batting: RHB Elpidio Martinho
|
0-0: Called Strike 0-1: SINGLE (Groundball, 4D) Mario Méndez to second Runner from 2nd tries for 3rd, OUT!
|
Top of the 8th over - 0 run(s), 1 hit(s), 0 error(s), 1 left on base; Gresham 2 - Santa Monica 13 |
BOTTOM OF THE 8TH |
Santa Monica Bruins batting - Pitching for Gresham Gold Souls : LHP Shawn Taylor
|
Pitching: RHP León Trevino
|
|
Batting: RHB Shizue Chouda
|
0-0: Ball 1-0: Foul Ball, location: 2F 1-1: Ball 2-1: Swinging Strike 2-2: Foul Ball, location: 2F 2-2: Ball 3-2: Base on Balls
|
Batting: LHB Ramiro Martínez
|
0-0: Swinging Strike 0-1: Called Strike 0-2: Strikes out swinging
|
Batting: RHB Ernest Russell
|
0-0: Ball 1-0: Ball 2-0: DOUBLE (Flyball, 9D) Shizue Chouda to third
|
Batting: LHB Francisco Medina
|
0-0: Ball 1-0: Foul Ball, location: 2F 1-1: Ground out 4-3 (Groundball, 4) Shizue Chouda scores Ernest Russell to third
|
Batting: RHB Francisco Castillo
|
0-0: Foul Ball, location: 2F 0-1: Called Strike 0-2: Ball 1-2: Ball 2-2: Strikes out looking
|
Bottom of the 8th over - 1 run(s), 1 hit(s), 0 error(s), 1 left on base; Gresham 2 - Santa Monica 14 |
TOP OF THE 9TH |
Gresham Gold Souls batting - Pitching for Santa Monica Bruins : RHP Keith Harper
|
Batting: RHB Willie Houk
|
0-0: Ball 1-0: Ball 2-0: Called Strike 2-1: Ball 3-1: Called Strike 3-2: Ground out 5-3 (Groundball, 56S)
|
Batting: RHB Rob Bailey
|
0-0: Ball 1-0: Fly out, F4 (Line Drive, 4)
|
Batting: SHB Todd Smith
|
0-0: Ball 1-0: Ball 2-0: Foul Ball, location: 2F 2-1: Ball 3-1: Foul Ball, location: 2F 3-2: Base on Balls
|
Batting: RHB Brian Dixon
|
0-0: Ball 1-0: Ball 2-0: Called Strike 2-1: Fly out, F9 (Flyball, 9S)
|
Top of the 9th over - 0 run(s), 0 hit(s), 0 error(s), 1 left on base; Gresham 2 - Santa Monica 14 |
|